 Dungeon Crawl Stone Soup version 0.29-a0-1009-g60c99734e7 (webtiles) character file.

Game seed: 7978820676608450262

51730 purpskrrrp the Spear-Bearer (level 13, -22/111 HPs)
             Began as a Demigod Delver on Aug 8, 2022.
             Annihilated by an enormous slime creature (72 damage)
             ... on level 12 of the Dungeon on Aug 9, 2022.
             The game lasted 01:44:50 (20838 turns).

purpskrrrp the Spear-Bearer (Demigod Delver)       Turns: 20838, Time: 01:44:50

Health: -22/111    AC: 25    Str: 38    XL:     13   Next: 91%
Magic:  7/7        EV: 15    Int: 12    God:
Gold:   1269       SH: 24    Dex: 28    Spells: 12/12 levels left

rFire   x . .      SeeInvis .   A - +8 spear of Cofouzae {vorpal, rPois Will+ MP-9 Dex+7}
rCold   . . .      Faith    .   v - +0 tower shield
rNeg    + + +      Spirit   .   i - +2 scale mail {Will+}
rPois   +          Reflect  +   M - +1 hat
rElec   .          Harm     .   I - +2 cloak {rCorr}
rCorr   +          Rampage  .   G - +2 pair of gloves
Will    +++..                   y - +2 pair of boots
Stlth   ++++......              E - amulet of reflection
HPRegen 0.28/turn               s - +4 ring of protection
MPRegen 0.10/turn               S - ring "Fifur" {rF- rN+++ rCorr Str+9 Dex+6}

@: studying Long Blades
A: high MP 1, forlorn, divine attributes
a: no special abilities


You were on level 12 of the Dungeon.
You visited 3 branches of the dungeon, and saw 18 of its levels.
You also visited: Ice Cave and Volcano.

You collected 1409 gold pieces.
You spent 140 gold pieces at shops.

Inventory:

Hand Weapons
 h - a -1 demon whip of venom
 A - the +8 spear of Cofouzae (weapon) {vorpal, rPois Will+ MP-9 Dex+7}
   (You took it off a kobold on level 2 of the Dungeon)

   It inflicts extra damage upon your enemies.
   Dex:       It affects your dexterity (+7).
   rPois:     It protects you from poison.
   MP:        It affects your magic capacity (-9).
   Will:      It increases your willpower.
 F - a +2 vampiric great mace
 O - a +4 halberd of flaming
Missiles
 m - 53 poisoned darts
 n - 9 boomerangs
 x - 2 javelins
 J - 6 silver boomerangs
Armour
 b - a +0 leather armour
 i - a +2 scale mail of willpower (worn)
 v - a +0 tower shield (worn)
 y - a +2 pair of boots (worn)
 B - a +0 buckler
 G - a +2 pair of gloves (worn)
 I - a +2 cloak of preservation (worn)
 M - a +1 hat (worn)
Jewellery
 l - the ring of Cijijuc {rCorr Stlth+}
   (You found it on level 5 of the Lair of Beasts)

   [ring of resist corrosion]

   rCorr:     It protects you from acid and corrosion.
   Stlth:     It makes you more stealthy.
 s - a +4 ring of protection (left hand)
 E - an amulet of reflection (around neck)
 R - a ring of protection from fire
 S - the ring "Fifur" (right hand) {rF- rN+++ rCorr Str+9 Dex+6}
   (You acquired it on level 1 of the Lair of Beasts)

   [ring of dexterity]

   Str:       It affects your strength (+9).
   Dex:       It affects your dexterity (+6).
   rF:        It makes you vulnerable to fire.
   rN:        It renders you almost immune to negative energy.
   rCorr:     It protects you from acid and corrosion.
 U - a ring of magical power
 W - a +4 ring of evasion
Wands
 d - a wand of flame (25) (quivered)
 g - a wand of digging (16)
 j - a wand of paralysis (14)
 k - a wand of polymorph (17)
 K - a wand of light (4)
 Q - a wand of roots (2)
Scrolls
 c - 6 scrolls of fog
 f - a scroll of poison
 o - 3 scrolls of amnesia
 p - 2 scrolls of magic mapping
 q - 4 scrolls of teleportation
 t - 3 scrolls of fear
 P - a scroll of enchant weapon
Potions
 a - a potion of resistance {unknown}
 e - 3 potions of cancellation
 r - 8 potions of curing
 u - 3 potions of berserk rage
 w - 2 potions of mutation {unknown}
 z - 3 potions of flight
 C - 3 potions of lignification {unknown}
 D - 2 potions of might
 H - 2 potions of ambrosia
 L - a potion of haste
 N - 2 potions of brilliance {unknown}
 V - a potion of invisibility {unknown}
Miscellaneous
 T - a box of beasts
 X - a tin of tremorstones (2/2)


   Skills:
 + Level 9.1 Fighting
 + Level 3.0(10.0) Axes
 + Level 1.7(2.6) Maces & Flails
 + Level 14.4(14.6) Polearms
 + Level 8.0 Armour
 + Level 7.4 Dodging
 + Level 9.5 Stealth
 + Level 8.6 Shields
 + Level 1.6 Evocations


You had 12 spell levels left.
You didn't know any spells.
Your spell library contained the following spells:

 Spells                   Type           Power      Damage    Failure   Level
 Necrotise                Necr           0%         1d4       99%         1
 Sandblast                Erth           0%         2d4       99%         1
 Summon Small Mammal      Summ           0%         N/A       99%         1
 Passwall                 Tmut/Erth      0%         N/A       99%         2
 Poisonous Vapours        Pois/Air       0%         N/A       99%         2
 Call Canine Familiar     Summ           0%         N/A       100%        3
 Dazzling Flash           Conj/Hex       0%         N/A       100%        3
 Gell's Gravitas          Tloc           0%         N/A       100%        3
 Ozocubu's Armour         Ice            0%         N/A       100%        3
 Portal Projectile        Hex/Tloc       0%         N/A       100%        3
 Stone Arrow              Conj/Erth      0%         3d7       100%        3
 Summon Guardian Golem    Hex/Summ       0%         N/A       100%        3
 Tukima's Dance           Hex            0%         N/A       100%        3
 Vampiric Draining        Necr           0%         2d6       100%        3
 Anguish                  Hex/Necr       0%         N/A       100%        4
 Corpse Rot               Necr/Pois/Air  0%         N/A       100%        4
 Iskenderun's Mystic Bla  Conj/Tloc      0%         2d3       100%        4
 Olgreb's Toxic Radiance  Pois           0%         N/A       100%        4
 Agony                    Necr           0%         N/A       100%        5
 Blade Hands              Tmut           0%         N/A       100%        5
 Dispersal                Tloc           0%         N/A       100%        6
 Starburst                Conj/Fire      0%         6d3       100%        6
 Enfeeble                 Hex            0%         N/A       100%        7
 Malign Gateway           Summ/Tloc      0%         N/A       100%        7
 Ozocubu's Refrigeration  Ice            0%         4d7       100%        7
 Ignition                 Fire           0%         3d3       100%        8
 Summon Horrible Things   Summ           0%         N/A       100%        8


Dungeon Overview and Level Annotations

Branches:
Dungeon (12/15)            Temple (1/1) D:4            Lair (5/5) D:8
 Shoals (0/4) Lair:2       Spider (0/4) Lair:2        Slime (0/5) Lair:4
    Orc (0/2) D:12          IceCv (visited)         Volcano (visited)

Shops:
D:2 (*   D:5 *!*!(   D:11 [

Annotations:
D:11 3 runed translucent doors, crescentfresh's ghost, journeyman OpVM


Innate Abilities, Weirdness & Mutations

You have an increased reservoir of magic. (+10% MP)
You shall have no god before yourself.
Your divine heritage dramatically boosts your attributes as you level up.


Message History

The vampire mosquito bites you but does no damage.
You block the vampire mosquito's attack.
The vampire mosquito attacks as you move away!
You block the vampire mosquito's attack.
The vampire mosquito barely misses you.
You block the vampire mosquito's attack.
The vampire mosquito attacks as you move away!
The vampire mosquito bites you but does no damage.
You block the vampire mosquito's attack.
You barely miss the vampire mosquito.
You block the vampire mosquito's attack.
You puncture the enormous slime creature!
The enormous slime creature is moderately wounded.
The vampire mosquito barely misses you.
You block the vampire mosquito's attack.
You hit the enormous slime creature.
The enormous slime creature is moderately wounded.
You block the vampire mosquito's attack.
You block the enormous slime creature's attack.
You impale the enormous slime creature!!
The enormous slime creature is heavily wounded.
You block the vampire mosquito's attack. x2
A vampire mosquito comes into view.
The vampire mosquito bites you but does no damage.
The vampire mosquito barely misses you.
The vampire mosquito buzzes angrily.
You hit the enormous slime creature.
The enormous slime creature is heavily wounded.
You block the enormous slime creature's attack.
You block the vampire mosquito's attack.
The vampire mosquito misses you.
You puncture the enormous slime creature!
The enormous slime creature is heavily wounded.
You block the vampire mosquito's attack. x2
The enormous slime creature hits you!! The vampire mosquito barely misses you.
You block the vampire mosquito's attack.
The enormous slime creature attacks as you move away!
The enormous slime creature hits you!!!!
Ouch! That really hurt!
You die...

#.......######.#
#........†.....#
#.......########
#.......'..#
#.......#..#
#.......#..#
.......##..#
######## #.?#
.....#####@.#
#....y..Jyy#
...#......O.#
##########


You could see an enormous slime creature, a two-headed ogre and 3 vampire
mosquitoes.

Vanquished Creatures
  Josephine (D:12)
  3 catoblepae
  A death knight (D:10)
  A centaur warrior (D:10)
  2 boulder beetles (Lair:5)
  9 hydras
  A deep troll shaman (Lair:5)
  5 death yaks (Lair:5)
  5 two-headed ogres
  Amaemon (D:10)
  An orb spider (Lair:2)
  2 ugly things
  A deep elf pyromancer (D:10)
  12 elephants
  A moth of wrath (shapeshifter) (D:10)
  An orange demon (D:10)
  2 black mambas
  An unseen horror (D:10)
  2 gargoyles (D:10)
  8 cane toads
  3 rime drakes
  7 komodo dragons
  2 kobold demonologists
  A yaktaur (D:10)
  3 trolls
  4 polar bears
  8 blink frogs
  7 slime creatures
  3 shadows
  A vampire (D:10)
  A water elemental (D:11)
  6 wraiths
  4 basilisks
  6 wyverns
  15 yaks
  An unseen horror simulacrum (D:10)
  A death yak simulacrum (D:12)
  A steam dragon (D:8)
  3 vampire mosquitoes (D:12)
  3 acid dragons (D:10)
  An ice beast (D:7)
  10 water moccasins
  4 black bears
  3 sky beasts
  3 orc warriors
  2 ogres
  29 wolves
  7 centaurs
  A phantom (D:5)
  5 kobold brigands
  14 bullfrogs
  3 gnoll sergeants
  A necrophage (D:6)
  3 scorpions
  2 two-headed ogre simulacra (D:12)
  9 wights
  An elephant simulacrum (D:12)
  10 killer bees
  A lindwurm simulacrum (IceCv)
  4 electric eels
  2 howler monkeys
  A centaur zombie (D:4)
  Crazy Yiuf (D:4)
  3 komodo dragon simulacra (IceCv)
  3 jellies
  10 orc priests
  A hound (D:7)
  A gnoll bouda (D:3)
  Jessica (D:2)
  Ijyb (D:3)
  2 iguanas
  6 orc wizards
  A scorpion zombie (D:4)
  3 hell rats (Lair:5)
  A troll simulacrum (D:12)
  2 spriggan simulacra (D:12)
  A hound zombie (D:4)
  19 gnolls
  A naga simulacrum (D:12)
  7 river rats (Lair:5)
  8 adders
  A shadow imp (D:8)
  2 white imps (D:7)
  2 steam dragon simulacra (IceCv)
  2 ufetubi (D:5)
  An adder zombie (D:4)
  4 dart slugs
  33 orcs
  11 ball pythons
  4 bats (D:1)
  13 endoplasms
  4 giant cockroaches
  6 goblins
  6 hobgoblins
  8 jackals
  5 quokkas
  5 frilled lizards
  19 kobolds
  A quokka zombie (D:4)
  12 rats
467 creatures vanquished.

Vanquished Creatures (collateral kills)
  A dire elephant (Lair:5)
1 creature vanquished.

Vanquished Creatures (others)
  A quokka (D:8)
  A kobold (D:8)
  5 fungi
  31 plants
38 creatures vanquished.

Grand Total: 506 creatures vanquished

Notes
Turn   | Place    | Note
-------+----------+-------------------------------------------
     0 | D:5      | purpskrrrp the Demigod Delver began the quest for the Orb.
     0 | D:5      | Reached XP level 1. HP: 18/18 MP: 3/3
     4 | D:5      | Found Sufo's Distillery.
     5 | D:5      | Found Efaeps's Distillery.
    13 | D:5      | Found Joloach's Weapon Shoppe.
    13 | D:5      | Found Oteowna's Assorted Antiques.
    64 | D:5      | Noticed a phantom
    85 | D:5      | Found Icaukh's Elemental Accessories.
   143 | D:5      | Reached XP level 2. HP: 14/25 MP: 4/4
   528 | D:2      | Reached skill level 1 in Maces & Flails
   605 | D:2      | Reached XP level 3. HP: 22/30 MP: 5/5
   769 | D:2      | Found Leniutrubb's General Store.
  1696 | D:2      | Noticed Jessica
  1704 | D:2      | Killed Jessica
  1705 | D:2      | Reached XP level 4. HP: 38/38 MP: 6/6
  1887 | D:2      | Identified the +8 spear of Cofouzae {vorpal, rPois Will+
                  | MP-9 Dex+7}
  1979 | D:2      | Found Yzaicoqe's Antique Weapon Shoppe.
  2244 | D:3      | Reached skill level 1 in Polearms
  2248 | D:3      | Reached XP level 5. HP: 34/45 MP: 0/7
  2341 | D:3      | Reached skill level 2 in Polearms
  2522 | D:3      | Reached skill level 3 in Polearms
  2780 | D:3      | Reached XP level 6. HP: 51/51 MP: 0/8
  2842 | D:3      | Noticed Ijyb
  2851 | D:3      | Killed Ijyb
  2870 | D:3      | Noticed a blizzard demon
  2873 | D:3      | Noticed an angel
  3347 | D:4      | Found a staircase to the Ecumenical Temple.
  3365 | D:4      | Reached skill level 4 in Polearms
  3378 | Temple   | Entered the Ecumenical Temple
  3824 | D:4      | Reached skill level 5 in Polearms
  3883 | D:4      | Found a runed translucent door.
  3884 | D:4      | Noticed Crazy Yiuf
  4031 | D:4      | Reached XP level 7. HP: 57/57 MP: 0/9
  4127 | D:4      | Killed Crazy Yiuf
  4295 | D:2      | Bought a scroll of enchant armour for 82 gold pieces
  4622 | D:5      | Reached skill level 6 in Polearms
  5172 | D:6      | Reached skill level 7 in Polearms
  5182 | D:6      | Reached XP level 8. HP: 47/63 MP: 1/10
  5334 | D:6      | Reached skill level 8 in Polearms
  5427 | D:6      | Reached skill level 9 in Polearms
  6176 | D:7      | Reached skill level 10 in Polearms
  6204 | D:7      | Reached XP level 9. HP: 69/69 MP: 2/11
  6403 | D:7      | Reached skill level 11 in Polearms
  7231 | D:8      | Found a staircase to the Lair.
  7261 | D:8      | Reached skill level 12 in Polearms
  8009 | D:9      | Reached skill level 5 in Stealth
  8509 | D:10     | Entered Level 10 of the Dungeon
  8606 | D:10     | Reached skill level 1 in Armour
  8623 | D:10     | Reached XP level 10. HP: 37/77 MP: 4/13
  8958 | D:10     | Reached skill level 1 in Shields
  9440 | D:10     | Noticed a two-headed ogre
  9448 | D:10     | Killed a two-headed ogre
  9462 | D:10     | Reached skill level 13 in Polearms
  9755 | D:10     | Noticed a two-headed ogre
  9766 | D:10     | Killed a two-headed ogre
 10044 | D:10     | Noticed a two-headed ogre
 10055 | D:10     | Killed a two-headed ogre
 10064 | D:10     | Reached XP level 11. HP: 77/85 MP: 5/14
 10079 | D:10     | Noticed a centaur warrior
 10092 | D:10     | Killed a centaur warrior
 10093 | D:10     | Reached skill level 5 in Fighting
 10114 | D:10     | Noticed a death knight
 10156 | D:10     | Noticed Amaemon
 10390 | D:10     | Killed Amaemon
 10753 | D:10     | Noticed a deep elf pyromancer
 10783 | D:10     | Killed a deep elf pyromancer
 10959 | D:10     | Killed a death knight
 10974 | D:10     | Got the Atlas of Elliptic Evil
 11393 | Lair:1   | Entered Level 1 of the Lair of Beasts
 11399 | Lair:1   | Reached skill level 1 in Evocations
 11428 | Lair:1   | Identified a scroll of acquirement
 11428 | Lair:1   | Acquired the ring "Fifur" {rF- rN+++ rCorr Str+9 Dex+6}
 11817 | Lair:1   | Noticed an eight-headed hydra
 11860 | Lair:1   | Killed an eight-headed hydra
 11861 | Lair:1   | Reached skill level 5 in Dodging
 12303 | Lair:1   | Reached skill level 5 in Shields
 12732 | Lair:2   | Found a staircase to the Shoals.
 12808 | Lair:2   | Reached XP level 12. HP: 93/97 MP: 6/15
 13012 | Lair:2   | Noticed a catoblepas
 13048 | Lair:2   | Killed a catoblepas
 13315 | Lair:2   | Identified the +0 falchion of Intimidation {vamp, Dex+4}
 13405 | Lair:2   | Reached skill level 5 in Armour
 13823 | Lair:2   | Found a hole to the Spider Nest.
 14050 | Lair:3   | Noticed an eight-headed hydra
 14067 | Lair:3   | Killed an eight-headed hydra
 14249 | Lair:3   | Noticed a six-headed hydra
 14260 | Lair:3   | Killed a six-headed hydra
 14393 | Lair:3   | Noticed a seven-headed hydra
 14412 | Lair:3   | Killed a seven-headed hydra
 14420 | Lair:3   | Noticed a catoblepas
 14436 | Lair:3   | Killed a catoblepas
 15310 | Lair:4   | Found a dark tunnel.
 15321 | Volcano  | Entered a volcano
 15362 | Lair:4   | Noticed a five-headed hydra
 15372 | Lair:4   | Killed a five-headed hydra
 15373 | Lair:4   | Reached skill level 14 in Polearms
 15380 | Lair:4   | Found a staircase to the Slime Pits.
 15934 | Lair:4   | Reached XP level 13. HP: 107/107 MP: 7/16
 16251 | Lair:5   | Entered Level 5 of the Lair of Beasts
 17014 | Lair:5   | Identified the +3 whip "Worm's Wrath" {venom, Fly rF+}
 17749 | Lair:5   | Noticed a dire elephant
 17761 | Lair:5   | Killed a dire elephant
 17865 | Lair:5   | Identified the +0 leather armour of the Skies Above {Fly
                  | rElec rC- rCorr}
 17872 | Lair:5   | Identified the ring of Cijijuc {rCorr Stlth+}
 18550 | D:11     | Found Exurae's Armour Emporium.
 18605 | D:11     | Bought a +0 tower shield for 58 gold pieces
 19058 | D:11     | Found a runed translucent gate.
 19059 | D:11     | Found a runed translucent gate.
 19060 | D:11     | Found a runed translucent gate.
 19063 | D:11     | You fall into a shaft and drop 1 floor!
 19118 | D:12     | Found a frozen archway.
 19147 | IceCv    | Entered an ice cave
 19825 | D:11     | Noticed crescentfresh's ghost (journeyman OpVM)
 20524 | D:12     | Found a staircase to the Orcish Mines.
 20541 | D:12     | Noticed Josephine
 20571 | D:12     | Killed Josephine
 20838 | D:12     | Annihilated by an enormous slime creature

Illustrated notes

Levels and vault maps discovered:
D:1:      onia_arrival_mini_spirals, layout_basic, basic_ecumenical_altar
D:2:      layout_loops_cross, basic_altar, serial_shops, nicolae_diamond_shop,
          nicolae_square_shop, minivault_23, minmay_tromino_v4_a, uniq_jessica
D:3:      layout_rooms, grunt_temple_overflow_order_and_chaos_2,
          lemuel_crystal_altar, lemuel_round_altar, nicolae_grassy_gnolls,
          uniq_ijyb
D:4:      layout_basic, nicolae_yredelemnul_corpse_copse,
          minmay_temple_entry_sparse_star, chequers_serial_rivers_micro_d,
          uniq_crazy_yiuf_cottage
D:5:      layout_loops_ring, mainiacjoe_overflow_catwalk,
          nicolae_overflow_hidden_temple, minmay_shop_grid_forest,
          nicolae_elemental_shop
D:6:      layout_rooms
D:7:      layout_basic, mainiacjoe_overflow_alcove_2,
          mainiacjoe_overflow_concentric_impassable,
          grunt_temple_overflow_growth_and_decay, minmay_diced_spiral
D:8:      layout_loops_ring, elyvilon_altar_4, lair_entry_dummy,
          kennysheep_diamond
D:9:      layout_loops_ring
D:10:     minmay_the_grid_octo_tiled_octocenter [minmay_the_grid_octo_odd_swirl,
          minmay_the_grid_octo_vomiting_pacman, minmay_the_grid_octo_empty,
          minmay_the_grid_octo_tetromino_candy,
          minmay_the_grid_octo_prize_ultimate_mussel_roller,
          minmay_the_grid_square_5x5_meh, minmay_the_grid_square_5x5_comb,
          minmay_the_grid_square_5x5_two_walls_b, minmay_the_grid_square_5x5_n],
          layout_rooms, bloody_trog, due_unseen_surprise, uniq_amaemon
D:11:     layout_basic, serial_shops, nicolae_shop_hallway_stairs,
          gammafunk_ghost_spectres
D:12:     layout_basic, orc_0_dummy, portal_ice_cave_entry_ice_simulacra,
          uniq_josephine
Temple:   compressed_dpeg_triangle_lava_temple
Lair:1:   layout_long_grid, beast_lair_carwin_4, grunt_megastairs_1
Lair:2:   layout_regular_city, shoals_dummy_entry,
          nicolae_spider_entry_orb_guardian
Lair:3:   layout_cave_shapes
Lair:4:   layout_cave_pods, slime_entry_1, nicolae_volcano_entry_hallway,
          grunt_megastairs_4, infiniplex_staircase_pool, serial_bayou_shore_b
Lair:5:   grunt_lair_end_beastmaster, layout_hall_layers,
          chequers_serial_rivers_micro_b, kennysheep_abandoned_house,
          infiniplex_staircase_pool_2

Skill      XL: |  1  2  3  4  5  6  7  8  9 10 11 12 13 |
---------------+----------------------------------------+-----
Axes           | 2 3 |  3.0
Dodging        | 2 3 5 6 7 |  7.4
Maces & Flails | 1 |  1.7
Fighting       | 3 4 6 8 9 |  9.1
Polearms       | 1 3 5 7 10 12 13 14 | 14.4
Stealth        | 5 6 7 8 9 |  9.5
Armour         | 1 3 4 6 8 |  8.0
Shields        | 3 5 7 8 |  8.6
Evocations     | 1 |  1.6

Action                   |  1- 3 |  4- 6 |  7- 9 | 10-12 | 13-15 || total
-------------------------+-------+-------+-------+-------+-------++-------
Melee: Whip              |   106 |    24 |       |       |       ||   130
       Hand axe          |     3 |       |       |       |       ||     3
       Punch             |     2 |       |       |       |       ||     2
       Spear             |       |   135 |   306 |   725 |   607 ||  1773
Evoke: Wand              |       |       |       |     7 |     5 ||    12
       Box of beasts     |       |       |       |       |     1 ||     1
  Use: Scroll            |     1 |     8 |     3 |    16 |    10 ||    38
       Potion            |       |       |       |     7 |     2 ||     9
 Stab: Sleeping          |    10 |    18 |    19 |    10 |    10 ||    67
       Distracted        |       |       |     3 |     7 |     3 ||    13
       Petrified         |       |       |       |       |     7 ||     7
       Petrifying        |       |       |       |       |     3 ||     3
Armor: Leather armour    |    41 |    28 |    41 |    97 |       ||   207
       Scale mail        |       |       |       |   106 |    95 ||   201
Dodge: Dodged            |    78 |    49 |    43 |   238 |   157 ||   565
Block: Buckler           |       |    20 |    50 |   262 |   127 ||   459
       Reflection        |       |       |    10 |     3 |     1 ||    14
       Tower shield      |       |       |       |       |   152 ||   152

Table legend: (Time is in decaauts)
 A = Elapsed time spent in this place.
 B = Non-inter-level travel time spent in this place.
 C = Inter-level travel time spent in this place.
 D = Time resting spent in this place.
 E = Time spent auto-exploring this place.
 F = Levels seen in this place.
 G = Mean time per level.
                   A        B        C        D        E       F      G
               +--------+--------+--------+--------+--------+-----+--------+
         Total |  20134 |  18372 |   1762 |   4151 |  10436 |  20 | 1006.7 |
       Dungeon |  13254 |  12081 |   1173 |   2769 |   6594 |  12 | 1104.5 |
        Temple |    333 |    306 |     27 |      0 |    294 |   1 |  333.0 |
          Lair |   5968 |   5406 |    562 |    921 |   3537 |   5 | 1193.6 |
      Ice Cave |    549 |    549 |      0 |    460 |     10 |   1 |  549.0 |
       Volcano |     26 |     26 |      0 |      0 |      0 |   1 |   26.0 |
               +--------+--------+--------+--------+--------+-----+--------+

Top non-repeatable levels by time:
    D:10: 2718 daAuts
  Lair:5: 1656 daAuts
    D:11: 1310 daAuts
     D:8: 1304 daAuts
  Lair:3: 1228 daAuts
  Lair:2: 1193 daAuts
     D:3: 1052 daAuts
     D:4: 1030 daAuts
  Lair:4: 981 daAuts
     D:5: 945 daAuts
     D:2: 909 daAuts
  Lair:1: 909 daAuts
     D:6: 880 daAuts
     D:7: 842 daAuts
     D:1: 839 daAuts
